 Dungeon Crawl Stone Soup version 0.24-a0-282-g1a68c91 (webtiles) character file.

Game seed: 10961776793261137692

15973 Ijustatesigmund the Basher (level 12, -4/91 HPs)
             Began as an Octopode Fighter on May 2, 2019.
             Was a Believer of Cheibriados.
             Killed by the air
             ... invoked by Gastronok
              (30 damage)
             ... on level 11 of the Dungeon on May 3, 2019.
             The game lasted 00:35:01 (15656 turns).

Ijustatesigmund the Basher (Octopode Fighter)      Turns: 15656, Time: 00:35:01

Health: -4/91      AC:  3    Str: 22    XL:     12   Next: 32%
Magic:  24/24      EV: 16    Int: 17    God:    Cheibriados [**....]
Gold:   448        SH: 11    Dex: 21    Spells: 11/11 levels left

rFire    . . .     SeeInvis .   o - +7 flail (protect)
rCold    . . .     Gourm    .   b - +0 shield
rNeg     . . .     Faith    .   u - +2 hat
rPois    .         Spirit   .   (no amulet)
rElec    .         Reflect  .   h - ring of wizardry
rCorr    .         Harm     .   p - +1 ring of slaying
MR       .....                  r - ring of flight (curse)
Stlth    +++++.....             q - ring of magical power
HPRegen  0.25/turn              (no ring)
MPRegen  0.19/turn              (no ring)
                                (no ring)
                                (no ring)

@: very slow
A: almost no armour, stealthy swim, amphibious, 8 rings, constrict 8, camouflage
1, gelatinous body 1
a: Bend Time, Renounce Religion, Evoke Flight


You were on level 11 of the Dungeon.
You worshipped Cheibriados.
Cheibriados was pleased with you.
You were not hungry.

You visited 2 branches of the dungeon, and saw 12 of its levels.

You collected 643 gold pieces.
You spent 195 gold pieces at shops.

Inventory:

Hand Weapons
 o - a +7 flail of protection (weapon)
Armour
 b - a +0 shield (worn)
 u - a +2 hat (worn)
Jewellery
 h - a ring of wizardry (left tentacle)
 p - a +1 ring of slaying (right tentacle)
 q - a ring of magical power (on tentacle)
 r - a cursed ring of flight (on tentacle)
Wands
 c - a wand of polymorph (8)
 k - a wand of iceblast (20)
Scrolls
 a - 6 scrolls of remove curse
 e - a scroll of amnesia
 l - a scroll of magic mapping
 n - 6 scrolls of identify
 s - a scroll of torment
Potions
 f - a potion of curing
 g - 3 potions of brilliance
 i - 2 potions of might
 j - 3 potions of lignification
 m - 3 potions of cancellation
Miscellaneous
 v - a fan of gales
Comestibles
 d - 16 rations


   Skills:
 - Level 11.8 Fighting
 - Level 12.3 Maces & Flails
 + Level 6.2 Dodging
 - Level 6.4 Stealth
 + Level 6.2 Shields
 + Level 5.2 Invocations


You had 11 spell levels left.
You didn't know any spells.
Your spell library contained the following spells:

 Spells                   Type           Power        Failure   Level  Hunger
 Animate Skeleton         Necr           N/A          28%         1    ##.....
 Corona                   Hex            #......      28%         1    ##.....
 Pain                     Necr           #...         28%         1    ##.....
 Ensorcelled Hibernation  Hex/Ice        #.....       38%         2    ###....
 Confuse                  Hex            #.......     61%         3    ####...
 Dazzling Spray           Conj/Hex       #.....       61%         3    ####...
 Regeneration             Chrm/Necr      #.........   61%         3    ####...
 Tukima's Dance           Hex            #.......     61%         3    ####...
 Vampiric Draining        Necr           #.........   61%         3    ####...
 Animate Dead             Necr           N/A          94%         4    #####..


Dungeon Overview and Level Annotations

Branches:
Dungeon (11/15)            Temple (1/1) D:5            Lair (0/6) D:9
    Orc (0/2) D:10

Altars:
Ashenzari
Cheibriados
Dithmenos
Elyvilon
Fedhas
Gozag
Hepliaklqana
Kikubaaqudgha
Makhleb
Nemelex Xobeh
Okawaru
Qazlal
Ru
Sif Muna
Trog
Uskayaw
Vehumet
Wu Jian
Xom
Yredelemnul
Zin
The Shining One

Shops:
D:4 ?!!

Annotations:
D:5 2 transporters, Hylith's ghost, novice DrTm
D:11 2 runed translucent doors, Gastronok


Innate Abilities, Weirdness & Mutations

You cannot wear most types of armour.
You are very stealthy in the water. (Stealth+)
You are amphibious.
You can wear up to eight rings at the same time.
You can use your tentacles to constrict eight enemies at once.
Your skin changes colour to match your surroundings (Stealth+).
Your rubbery body absorbs attacks. (AC +1, EV +1)


Message History

The orc warrior is almost dead.
You constrict the orc warrior.
The orc warrior hits you with a +0 long sword!
* * * LOW HITPOINT WARNING * * *
The orc hits you but does no damage.
You hit the orc warrior but do no damage.
The orc warrior is almost dead.
You constrict the orc warrior.
You kill the orc warrior!
Cheibriados appreciates the change of pace.
The orc throws a stone.
The stone closely misses you. The orc hits you but does no damage.
You block the orc's attack. You block the orc's attack.
Gastronok mumbles some strange words.
You block the orc's attack.
The orc throws a stone.
You block the stone.
Gastronok waves his eye-stalks in wide circles.
The air twists around and strikes you!
You die...

...........##### #..
...............####### #...
....#.<........#.....### .......
...............#.......##........
....................##..##o......
...................##....#.......
......<............#._..)#.......
...................##....#.......
.###............@o..##..##... .
................o......##....
...................o.###.....
....................r..w.....
.....................()......
......^..............()......
...................(().......
....................
...................


You could see Gastronok, 3 orcs and a rat.

Vanquished Creatures
  Erica (D:9)
  4 two-headed ogres
  A manticore (D:11)
  A cyclops (D:8)
  An elephant (D:9)
  A gargoyle (D:11)
  An efreet (D:10)
  Grinder (D:4)
  A slime creature (D:7)
  3 hippogriffs
  Sigmund (D:5)
  A wyvern (D:10)
  A vampire (D:10)
  2 chaos spawn
  7 yaks
  2 basilisks (D:9)
  3 hungry ghosts
  Eustachio (D:5)
  Edmund (D:5)
  An acid dragon (D:10)
  2 water moccasins
  5 ice beasts
  4 orc warriors
  3 sky beasts
  6 phantoms
  An eye of draining (D:8)
  9 ogres
  3 centaurs
  2 big kobolds
  Blork the orc (D:5)
  9 bullfrogs
  A gnoll sergeant (D:11)
  2 wyvern skeletons (D:10)
  6 scorpions
  8 killer bees
  An electric eel (D:6)
  5 wights
  6 howler monkeys
  4 jellies
  5 crimson imps (D:10)
  A bullfrog zombie (D:5)
  A quasit (D:10)
  A centaur zombie (D:5)
  10 hounds
  6 orc priests
  A gnoll shaman (D:8)
  A bullfrog skeleton (D:10)
  4 iguanas
  21 orc wizards
  7 worker ants
  A killer bee zombie (D:10)
  2 hound zombies
  4 hound skeletons
  Robin (D:3)
  3 worker ant zombies
  9 adders
  A howler monkey skeleton (D:6)
  7 river rats (D:5)
  21 gnolls
  2 shadow imps
  An ooze (D:2)
  5 worms
  An adder skeleton (D:10)
  4 dart slugs
  7 leopard geckos
  39 orcs
  4 ball pythons
  6 giant cockroaches
  24 goblins
  12 hobgoblins
  23 jackals
  15 kobolds
  14 quokkas
  6 bats
  3 frilled lizards
  A quokka skeleton (D:4)
  2 quokka zombies
  27 rats
416 creatures vanquished.

Vanquished Creatures (others)
  An orc priest (D:10)
  A fungus (D:9)
2 creatures vanquished.

Grand Total: 418 creatures vanquished

Notes
Turn   | Place    | Note
-------+----------+-------------------------------------------
     0 | D:1      | Ijustatesigmund the Octopode Fighter began the quest for
                  | the Orb.
     0 | D:1      | Reached XP level 1. HP: 16/16 MP: 1/1
   316 | D:1      | Reached XP level 2. HP: 17/21 MP: 2/2
   700 | D:1      | Reached skill level 3 in Maces & Flails
   703 | D:1      | Reached XP level 3. HP: 18/26 MP: 3/3
  1463 | D:2      | Reached XP level 4. HP: 24/32 MP: 4/4
  1647 | D:2      | Found a sparkling altar of Nemelex Xobeh.
  1709 | D:2      | Reached skill level 4 in Maces & Flails
  1901 | D:2      | Reached XP level 5. HP: 33/37 MP: 5/5
  2868 | D:3      | Noticed Robin
  3195 | D:3      | Found a bloodstained altar of Trog.
  3197 | D:3      | Reached skill level 5 in Maces & Flails
  3372 | D:3      | Reached XP level 6. HP: 44/44 MP: 6/6
  3392 | D:3      | Killed Robin
  4202 | D:4      | Noticed Grinder
  4213 | D:4      | Killed Grinder
  4213 | D:4      | Reached skill level 5 in Fighting
  4213 | D:4      | Reached skill level 6 in Maces & Flails
  4213 | D:4      | Reached XP level 7. HP: 16/50 MP: 7/7
  4822 | D:5      | Entered Level 5 of the Dungeon
  5006 | D:4      | Found Gynopylo's Distillery.
  5014 | D:4      | Bought a potion of degeneration for 14 gold pieces
  5014 | D:4      | Bought a potion of heal wounds for 70 gold pieces
  5048 | D:4      | Found Xyemopor's Distillery.
  5053 | D:4      | Bought a potion of heal wounds for 55 gold pieces
  5274 | D:4      | Found Qelustrewk's Magic Scroll Shop.
  5280 | D:4      | Reached XP level 8. HP: 38/56 MP: 8/8
  5381 | D:4      | Bought a scroll of identify for 28 gold pieces
  5381 | D:4      | Bought a scroll of identify for 28 gold pieces
  5740 | D:5      | Noticed Edmund
  5777 | D:5      | Killed Edmund
  5777 | D:5      | Reached skill level 7 in Maces & Flails
  5836 | D:5      | Found a stormy altar of Qazlal.
  5880 | D:5      | Noticed Sigmund
  5907 | D:5      | Killed Sigmund
  5908 | D:5      | Found a staircase to the Ecumenical Temple.
  5908 | D:5      | Noticed Eustachio
  5924 | D:5      | Killed Eustachio
  6554 | D:5      | Noticed Blork the orc
  6562 | D:5      | Killed Blork the orc
  6578 | D:5      | Found a transporter.
  6581 | D:5      | Noticed Hylith's ghost (novice DrTm)
  6583 | D:5      | Found a transporter.
  6857 | D:5      | Reached skill level 5 in Dodging
  6859 | D:5      | Reached skill level 5 in Shields
  6863 | D:5      | Reached XP level 9. HP: 56/63 MP: 9/9
  6929 | Temple   | Entered the Ecumenical Temple
  7384 | D:6      | Reached skill level 8 in Maces & Flails
  7820 | D:6      | Found an ornate altar of the Wu Jian Council.
  7834 | D:6      | Reached skill level 1 in Stealth
  8100 | D:6      | Found a sacrificial altar of Ru.
  8100 | D:6      | Found a deep blue altar of Sif Muna.
  8516 | D:7      | Reached XP level 10. HP: 72/72 MP: 10/10
  8525 | D:7      | Reached skill level 9 in Maces & Flails
  8551 | D:7      | Reached skill level 5 in Stealth
  8684 | D:7      | Found an opulent altar of Gozag.
  8684 | D:7      | Found a snail-covered altar of Cheibriados.
  8684 | D:7      | Found a white marble altar of Elyvilon.
  8691 | D:7      | Found a basalt altar of Yredelemnul.
  8700 | D:7      | Found a glowing golden altar of the Shining One.
  9244 | D:7      | Noticed an angel
  9754 | D:8      | Noticed a two-headed ogre
  9761 | D:8      | Killed a two-headed ogre
  9761 | D:8      | Reached skill level 10 in Maces & Flails
  9886 | D:8      | Noticed a two-headed ogre
  9893 | D:8      | Killed a two-headed ogre
 10140 | D:8      | Noticed a cyclops
 10140 | D:8      | Noticed a manticore
 10491 | D:7      | Reached XP level 11. HP: 53/81 MP: 11/11
 10640 | D:8      | Killed a cyclops
 10640 | D:8      | Reached skill level 10 in Fighting
 10835 | D:8      | Found a large runed translucent door.
 10836 | D:8      | Found a large runed translucent door.
 10913 | D:8      | Found an ornate altar of the Wu Jian Council.
 10913 | D:8      | Noticed a fire giant
 10916 | D:8      | Found a hide-covered altar of Uskayaw.
 10916 | D:8      | Noticed a skeletal warrior
 11077 | D:9      | Noticed Erica
 11447 | D:9      | Found an iron altar of Okawaru.
 11488 | D:9      | Found a staircase to the Lair.
 11489 | D:9      | Noticed a two-headed ogre
 11500 | D:9      | Reached skill level 11 in Maces & Flails
 11681 | D:9      | Killed a two-headed ogre
 11995 | D:9      | Killed Erica
 12735 | D:9      | Identified a scroll of acquirement
 12788 | D:10     | Entered Level 10 of the Dungeon
 12845 | D:7      | Became a worshipper of Cheibriados the Contemplative
 12889 | D:10     | Found a shimmering altar of Xom.
 12889 | D:10     | Found the +7 mace of Variability {chain chaos}
 12988 | D:9      | Reached skill level 1 in Invocations
 13566 | D:10     | Found a staircase to the Orcish Mines.
 13638 | D:11     | Noticed a manticore
 13862 | D:11     | Reached * piety under Cheibriados
 14052 | D:11     | Reached skill level 12 in Maces & Flails
 14058 | D:11     | Killed a manticore
 14182 | D:11     | Noticed Gastronok
 14183 | D:11     | Found a runed translucent gate.
 14183 | D:11     | Found a runed translucent gate.
 14294 | D:10     | Reached XP level 12. HP: 37/90 MP: 14/14
 14635 | D:10     | Reached ** piety under Cheibriados
 15448 | D:10     | Noticed a two-headed ogre
 15458 | D:10     | Killed a two-headed ogre
 15514 | D:10     | Reached skill level 5 in Invocations
 15619 | D:11     | Found a shadowy altar of Dithmenos.
 15656 | D:11     | Killed from afar by Gastronok

Levels and vault maps discovered:
D:1:      beargit_arrival_greenhouse, layout_loops_ring
D:2:      cheibrodos_greedy_goblins, layout_loops_ring,
          nemelex_dance_club_becter
D:3:      layout_rooms, lemuel_crystal_altar, first_ration,
          kennysheep_generic_room_5, uniq_robin
D:4:      layout_gridville, serial_shops, kennysheep_little_box, shop,
          shop_fountains, minmay_strange_pillars, chequers_serial_rivers_room_b,
          uniq_grinder
D:5:      lemuel_ratsnest, layout_basic, temple_pool_b, gammafunk_ghost_smash,
          grunt_qazlal_sundering, uniq_sigmund, uniq_edmund, uniq_eustachio,
          uniq_blork_the_orc
D:6:      minmay_flawed_box, layout_gridville, kennysheep_mini_moat,
          chequers_temple_overflow_statue_of_worship, serial_bayou_pond_b
D:7:      layout_basic, grunt_temple_overflow_holy_war,
          gammafunk_temple_overflow_claw, grunt_ogre_cave
D:8:      layout_loops_corners, jmf_multi_god_temple2
D:9:      layout_loops_ring, old_standard_altar, david_lair_generic, uniq_erica
D:10:     minmay_quarter_circles, layout_layer_cave,
          minmay_guarded_unrand_variability
D:11:     layout_cross, gammafunk_ghost_hydra_chop,
          nicolae_dithmenos_through_a_glass_darkly, uniq_gastronok
Temple:   minmay_temple_bridge_abc

Skill      XL: |  1  2  3  4  5  6  7  8  9 10 11 12 |
---------------+-------------------------------------+-----
Maces & Flails | 3 4 5 6 7 8 10 12 | 12.3
Fighting       | 4 5 6 8 9 11 | 11.8
Shields        | 5 6 |  6.2
Dodging        | 5 6 |  6.2
Stealth        | 4 6 |  6.4
Invocations    | 3 5 |  5.2

Action                   |  1- 3 |  4- 6 |  7- 9 | 10-12 || total
-------------------------+-------+-------+-------+-------++-------
Melee: Flail             |    70 |   164 |   301 |   498 ||  1033
       Constrict         |    20 |    51 |    59 |    82 ||   212
       Tentacles         |    14 |    27 |    59 |   129 ||   229
       Unarmed           |       |       |       |     4 ||     4
Invok: Bend Time         |       |       |       |     2 ||     2
Evoke: Wand              |       |       |     3 |    14 ||    17
  Use: Scroll            |    10 |     4 |     4 |    12 ||    30
       Potion            |       |     4 |     4 |    10 ||    18
 Stab: Sleeping          |     7 |     7 |     4 |    18 ||    36
       Distracted        |       |       |       |     3 ||     3
  Eat: Chunk             |     2 |     4 |    11 |    12 ||    29
       Ration            |       |     1 |     1 |     3 ||     5
Armor: Skin              |     7 |     9 |    33 |    84 ||   133
Dodge: Dodged            |    30 |    89 |   103 |   260 ||   482
Block: Shield            |    29 |    85 |   102 |   231 ||   447

Table legend:
 A = Non-vault XP
 B = Vault XP
 C = Vault XP percentage of total XP
 D = Non-vault monster count
 E = Vault monster count
 F = Vault count percentage of total count
                 A         B        C        D         E       F
            +---------+---------+-------+---------+---------+-------
      Total |   13822 |    8997 |  39.4 |     301 |     113 |  27.3
            +---------+---------+-------+---------+---------+-------
        D:1 |      57 |       0 |   0.0 |      30 |       0 |   0.0
        D:2 |     108 |      31 |  22.3 |      21 |      13 |  38.2
        D:3 |     167 |      44 |  20.9 |      32 |      14 |  30.4
        D:4 |     477 |     286 |  37.5 |      17 |       1 |   5.6
        D:5 |     746 |    1055 |  58.6 |      32 |      36 |  52.9
        D:6 |    1183 |     443 |  27.2 |      21 |      11 |  34.4
        D:7 |    1694 |     394 |  18.9 |      27 |       2 |   6.9
        D:8 |    3235 |     611 |  15.9 |      47 |       2 |   4.1
        D:9 |    2990 |    2213 |  42.5 |      32 |       6 |  15.8
       D:10 |    1235 |    3920 |  76.0 |      22 |      28 |  56.0
       D:11 |    1930 |       0 |   0.0 |      20 |       0 |   0.0
            +---------+---------+-------+---------+---------+-------
